 Dungeon Crawl Stone Soup version 0.31-a0-1019-g3dd9dd1025 (webtiles) character file.

Game seed: 178274208306452716

54221 Colgate the Marksdemigod (level 14, -1/126 HPs)
             Began as a Demigod Hunter on Nov 17, 2023.
             Shot with an arrow by a centaur warrior (19 damage)
             ... on level 9 of the Dungeon on Nov 18, 2023.
             The game lasted 02:36:15 (32307 turns).

Colgate the Marksdemigod (Demigod Hunter)          Turns: 32307, Time: 02:36:16

Health: -1/126     AC: 15    Str: 15    XL:     14   Next: 1%
Magic:  17/17      EV: 24    Int: 15    God:
Gold:   195        SH:  0    Dex: 33    Spells: 13/13 levels left

rFire   . . .        b - +7 arbalest (flame)
rCold   . . .        (shield currently unavailable)
rNeg    . . .        O - +0 acid dragon scales
rPois   .            h - +2 hat
rElec   .            V - +2 cloak
rCorr   +            l - +1 pair of gloves
SInv    +            T - +0 pair of boots
Will    ++...        U - amulet "Feapul" {RegenMP +Blink Will+ Int+4}
Stlth   +++          x - ring of Ignis's Envy {Fly Str+3 SInv}
HPRegen 0.41/turn    f - +5 ring of evasion
MPRegen 0.55/turn

%: no passive effects
@: about to teleport, flying
A: high MP 1, forlorn, divine attributes
a: Evoke Blink


You were on level 9 of the Dungeon.
You visited 3 branches of the dungeon, and saw 19 of its levels.
You also visited: Sewer and Ossuary.

You collected 2245 gold pieces.
You spent 2050 gold pieces at shops.

Inventory:

Hand Weapons
 b - a +7 arbalest of flaming (weapon)
 q - the +5 broad axe of Pazatr Kaoxt {heavy, rC+}
   (You took it off a boggart on level 9 of the Dungeon)

   rC+:       It protects you from cold.
 z - the +1 shortbow "Vaczex" {elec, rElec Int-5 Stlth+}
   (You found it on level 10 of the Dungeon)

   Int-5:     It affects your intelligence (-5).
   rElec:     It insulates you from electricity.
   Stlth+:    It makes you more stealthy.
Missiles
 m - a curare-tipped dart
Armour
 h - a +2 hat (worn)
 l - a +1 pair of gloves (worn)
 O - +0 acid dragon scales (worn)
 T - a +0 pair of boots (worn)
 V - a +2 cloak (worn)
Jewellery
 f - a +5 ring of evasion (right hand)
 x - the ring of Ignis's Envy (left hand) {Fly Str+3 SInv}
   (You took it off an orc on level 5 of the Dungeon)

   [ring of flight]

   Str+3:     It affects your strength (+3).
   SInv:      It lets you see invisible.
   Fly:       It grants you flight.
 y - a ring of poison resistance
 B - a ring of ice
 D - a ring of positive energy
 N - a ring of magical power
 Q - a ring of fire
 S - a ring of flight
 U - the amulet "Feapul" (around neck) {RegenMP +Blink Will+ Int+4}
   (You took it off a boggart on level 10 of the Dungeon)

   [amulet of magic regeneration]

   RegenMP:   It increases your rate of magic regeneration.
   Int+4:     It affects your intelligence (+4).
   Will+:     It increases your willpower.
   +Blink:    It lets you blink.
Wands
 a - a wand of roots (3) {@v2}
 w - a wand of paralysis (40)
 M - a wand of digging (7) {@v3}
 P - a wand of acid (13) {@v1}
 Y - a wand of mindburst (1)
Scrolls
 d - 14 scrolls of teleportation {@r3}
 e - 2 scrolls of noise
 i - 3 scrolls of brand weapon
 j - 3 scrolls of revelation
 k - 2 scrolls of vulnerability
 n - 3 scrolls of identify {@r1}
 p - 4 scrolls of blinking {@r4}
 s - 5 scrolls of poison
 C - 7 scrolls of fog
 E - a scroll of silence
 F - 3 scrolls of fear
 G - a scroll of immolation
 H - 4 scrolls of amnesia
 Z - 2 scrolls of summoning
Potions
 c - 9 potions of curing {@q1}
 g - 6 potions of resistance {@q5}
 o - 3 potions of haste {@q4}
 r - 3 potions of attraction
 t - 2 potions of heal wounds {@q2}
 u - 2 potions of magic
 v - 2 potions of ambrosia
 A - 5 potions of lignification
 I - 4 potions of might {@q3}
 J - 2 potions of brilliance
 K - 2 potions of berserk rage
 L - a potion of cancellation
 R - 2 potions of mutation
 X - 2 potions of invisibility


   Skills:
 - Level 12.0 Fighting
 - Level 18.0 Ranged Weapons
 - Level 3.0 Armour
 + Level 7.2 Dodging
 - Level 4.1 Stealth
 - Level 4.0 Evocations


You had 13 spell levels left.
You didn't know any spells.
Your spell library contained the following spells:

 Spells                   Type           Power      Damage    Failure   Level
 Apportation              Tloc           0%         N/A       36%         1
 Foxfire                  Conj/Fire      0%         2x1d4     36%         1
 Necrotise                Necr           0%         1d4       36%         1
 Summon Small Mammal      Summ           0%         N/A       36%         1
 Blink                    Tloc           0%         N/A       50%         2
 Cigotuvi's Dreadful Rot  Necr/Pois/Air  0%         N/A       50%         2
 Lesser Beckoning         Tloc           0%         N/A       50%         2
 Momentum Strike          Conj/Tloc      0%         3d8       50%         2
 Wereblood                Tmut           0%         N/A       50%         2
 Gell's Gravitas          Tloc           0%         N/A       73%         3
 Hailstorm                Conj/Ice       0%         3d3       73%         3
 Ignite Poison            Fire/Tmut/Pois 0%         N/A       73%         3
 Teleport Other           Tloc           0%         N/A       73%         3
 Summon Ice Beast         Ice/Summ       0%         N/A       98%         4
 Freezing Cloud           Conj/Ice/Air   0%         6-21      100%        5
 Irradiate                Conj/Tmut      0%         3d11      100%        5
 Plasma Beam              Fire/Air       0%         2x1d10    100%        6
 Simulacrum               Ice/Necr       0%         N/A       100%        6
 Starburst                Conj/Fire      0%         6d3       100%        6
 Ozocubu's Refrigeration  Ice            0%         4d7       100%        7
 Polar Vortex             Ice            0%         N/A       100%        9


Dungeon Overview and Level Annotations

Branches:
Dungeon (12/15)            Temple (0/1) D:5            Lair (5/5) D:11
 Shoals (0/4) Lair:3        Snake (0/4) Lair:3        Slime (0/5) Lair:5
    Orc (2/2) D:11            Elf (0/3) Orc:2         Sewer (visited)
Ossuary (visited)

Shops:
D:2 [   D:8 (   D:10 :[:   Orc:2 ??:(

Annotations:
D:9 tengu warrior, deep elf pyromancer
D:11 exclusion: deep elf pyromancer
Lair:3 2 transporters, Mimp's ghost, journeyman FoSh
Lair:4 3 runed translucent doors, ChronoRanger's ghost, journeyman MiFi


Innate Abilities, Weirdness & Mutations

You have an increased reservoir of magic. (+10% MP)
You shall have no god before yourself.
Your divine heritage dramatically boosts your attributes as you level up.


Message History

Found a short sword and a scroll of immolation.
The centaur warrior unwields a +0 shortbow.
The centaur warrior wields a +0 short sword.
The centaur warrior hits you with a +0 short sword!
The centaur warrior kicks you but does no damage.
The centaur warrior throws an atropa-tipped dart.
The atropa-tipped dart hits you!
You are confused.
The rakshasa blinks!
Things that are here:
a +0 long sword; a potion of degeneration; an elf corpse You bump into the crystal wall.
The centaur warrior shoots an arrow.
The arrow misses you.
The arrow hits the centaur warrior!
The arrow burns the centaur warrior.
The centaur warrior completely misses you.
The centaur warrior kicks you but does no damage.
The centaur warrior misses you. The centaur warrior closely misses you.
The centaur warrior shoots an arrow.
The arrow hits you!!
* * * LOW HITPOINT WARNING * * *
The arrow burns you!
* * * LOW HITPOINT WARNING * * *
A cyan ugly thing comes into view.
You are too confused!
You feel better.
The centaur warrior throws an atropa-tipped dart.
The atropa-tipped dart closely misses you.
The atropa-tipped dart closely misses the centaur warrior.
The centaur warrior closely misses you. The centaur warrior misses you.
As you read the scroll of teleportation {@r3}, it crumbles to dust.
You feel strangely unstable.
The centaur warrior throws an atropa-tipped dart.
The atropa-tipped dart hits you!
The centaur warrior hits you with a +0 short sword.
* * * LOW HITPOINT WARNING * * *
The centaur warrior completely misses you.
A centaur warrior comes into view.
It is wielding the +1 trident "Demigod's Doom" {antimagic, Str+2}.
The centaur warrior hits you but does no damage.
The centaur warrior closely misses you.
The centaur warrior shoots an arrow.
The arrow hits you!!
You die...

~~~~~...###'#################'###
~~~[.#..#.....# .c #....##
~~♣♣....#.##..# #. #.##[.#
~~~.....#..##.## .u #.###.#
~~###.#.#..#..#.###. #.###)#
♣♣##....#.....#.... #.....#
~##.....###'#####J## ###'###
###.....#.[...##R#)# #.##).#
#.....#.#####c@#.# #..##.#
#.....#.#).)#.#.c## #.#.#.#
###.....#.###.#.#.#.# #.##..#
........#.....#)#.#.# #..##.#
.[.##...###'#####[###########'###
[~......#.#...#.....#.....#...#.#
~..~.#..#...#.#.#.#.#[..#.#.###.#
~~.~.##.#.#[..###.##'##.#.'.....#
≈~[[♣##.#.).#.#.#.#.#.#.#.#.###.#


You could see a cyan ugly thing, a rakshasa, a slime creature and 3 centaur
warriors.

Vanquished Creatures
  A dire elephant (Lair:5)
  Azrael (D:12)
  Josephine (D:12)
  Erolcha (Orc:2)
  2 hydras
  An ogre mage (Orc:2)
  A merfolk avatar (Lair:5)
  A catoblepas (Lair:4)
  A boulder beetle (D:11)
  A centaur warrior (D:9)
  3 two-headed ogres
  A tengu warrior (D:9)
  3 death yaks (D:11)
  The ghost of pzskc383 the Cleaver, a novice GrFi of Okawaru (Lair:1)
  2 skysharks (Lair:5)
  A fire crab (D:10)
  Pikel (D:9)
  A harpy (Lair:5)
  2 deep elf pyromancers (D:9)
  9 orc sorcerers (Orc:2)
  4 ugly things
  A cyclops (D:12)
  7 black mambas
  An elephant (Lair:5)
  A merfolk siren (Lair:3)
  2 gargoyles (D:11)
  Maggie (D:8)
  2 kobold demonologists (D:11)
  8 cane toads
  An unseen horror (D:12)
  3 rime drakes
  A tengu conjurer (D:10)
  Jeremiah (D:9)
  7 komodo dragons
  4 trolls
  3 polar bears
  A meliai (D:9)
  3 hornets
  Prince Ribbit (D:7)
  Grinder (D:3)
  3 blink frogs (Lair:4)
  Sigmund (D:3)
  3 slime creatures (D:12)
  3 shadows
  A vampire (D:10)
  4 basilisks (Lair:5)
  3 wraiths (D:12)
  4 wyverns
  3 fire elementals (D:12)
  34 yaks
  10 vampire mosquitoes
  2 steam dragons (Lair:5)
  3 wargs (D:10)
  Menkaure (D:4)
  3 nagas (Lair:3)
  7 water moccasins
  2 acid dragons
  4 hell hounds (D:12)
  17 orc warriors
  3 ice beasts
  2 sky beasts
  2 black bears
  5 ogres
  11 wolves (Lair:4)
  2 boggarts
  2 centaurs
  2 lemures (D:9)
  4 kobold brigands
  Blork the orc (D:5)
  13 bullfrogs
  3 elf zombies (Ossuary)
  3 gnoll sergeants
  3 scorpions
  7 wights
  11 killer bees
  3 howler monkeys
  2 electric eels (D:9)
  4 centaur zombies (Ossuary)
  9 orc priests
  A sleepcap (D:4)
  A hound (D:5)
  14 jellies
  Crazy Yiuf (D:3)
  A gnoll bouda (D:9)
  3 iguanas
  39 orc wizards
  Natasha (thrice) (D:3)
  2 mummies (Ossuary)
  10 adders
  9 gnolls
  A river rat (Sewer)
  A shadow imp (D:5)
  A white imp (D:7)
  2 ufetubi (D:7)
  2 adder zombies (Ossuary)
  5 worms
  3 dart slugs
  90 orcs
  8 endoplasms
  7 giant cockroaches
  6 goblins
  8 hobgoblins
  8 jackals
  4 quokkas
  6 ball pythons
  6 bats
  3 frilled lizards
  7 hobgoblin zombies (Ossuary)
  2 jackal zombies (Ossuary)
  18 kobolds
  13 kobold zombies (Ossuary)
  6 orc zombies (Ossuary)
  4 rats
583 creatures vanquished.

Notes
Turn   | Place    | Note
-------+----------+-------------------------------------------
     0 | D:1      | Colgate the Demigod Hunter began the quest for the Orb.
     0 | D:1      | Reached XP level 1. HP: 17/17 MP: 3/3
   106 | D:1      | Reached skill level 4 in Ranged Weapons
   144 | D:1      | Reached XP level 2. HP: 24/24 MP: 4/4
   598 | D:2      | Reached XP level 3. HP: 29/29 MP: 5/5
   753 | D:2      | Found Pigepn's Armour Shop.
  1126 | D:3      | Noticed Natasha
  1135 | D:3      | Killed Natasha
  1136 | D:3      | Reached skill level 5 in Ranged Weapons
  1168 | D:3      | Noticed Natasha
  1179 | D:3      | Killed Natasha
  1180 | D:3      | Reached XP level 4. HP: 21/36 MP: 6/6
  1422 | D:3      | Noticed Sigmund
  1578 | D:3      | Noticed Natasha
  1690 | D:3      | Killed Sigmund
  1691 | D:3      | Reached skill level 6 in Ranged Weapons
  1691 | D:3      | Reached XP level 5. HP: 41/41 MP: 7/7
  1898 | D:3      | Reached skill level 1 in Stealth
  1930 | D:3      | Killed Natasha
  1931 | D:3      | Reached XP level 6. HP: 20/48 MP: 8/8
  2132 | D:3      | Found a runed translucent door.
  2133 | D:3      | Noticed Crazy Yiuf
  2221 | D:3      | Reached skill level 7 in Ranged Weapons
  2328 | D:3      | Noticed Grinder
  2359 | D:3      | Killed Grinder
  3352 | D:4      | Reached skill level 8 in Ranged Weapons
  3381 | D:4      | Noticed Menkaure
  3388 | D:4      | Killed Menkaure
  3389 | D:4      | Reached XP level 7. HP: 53/53 MP: 9/9
  3749 | D:4      | Reached skill level 9 in Ranged Weapons
  4069 | D:5      | Entered Level 5 of the Dungeon
  4279 | D:5      | Found a glowing drain.
  4295 | Sewer    | Entered a sewer
  4853 | D:5      | Noticed Blork the orc
  5034 | D:5      | Reached XP level 8. HP: 24/60 MP: 10/10
  5159 | D:5      | Identified the ring of Ignis's Envy {Fly Str+3 SInv}
  5186 | D:5      | Reached skill level 10 in Ranged Weapons
  5281 | D:2      | Bought the +2 leather armour of Boredom {Str+2} for 301
                  | gold pieces
  5414 | D:5      | Killed Blork the orc
  5554 | D:5      | Reached skill level 1 in Evocations
  5987 | D:5      | Found a staircase to the Ecumenical Temple.
  7643 | D:6      | Reached skill level 11 in Ranged Weapons
  8121 | D:7      | Noticed Prince Ribbit
  8166 | D:7      | Killed Prince Ribbit
  8167 | D:7      | Reached XP level 9. HP: 42/67 MP: 11/11
  8627 | D:8      | Found Vitz's Weapon Emporium.
  8915 | D:8      | Reached skill level 12 in Ranged Weapons
  9171 | D:8      | Found a sand-covered staircase.
  9181 | Ossuary  | Entered an ossuary
 10038 | D:8      | Noticed Maggie
 10648 | D:3      | Killed Crazy Yiuf
 12018 | D:8      | Bought a +0 arbalest of flaming for 111 gold pieces
 12297 | D:9      | Noticed Jeremiah
 12410 | D:9      | Killed Jeremiah
 12637 | D:9      | Reached skill level 13 in Ranged Weapons
 12650 | D:9      | Reached XP level 10. HP: 80/80 MP: 13/13
 13075 | D:9      | Noticed a two-headed ogre
 13132 | D:9      | Killed a two-headed ogre
 13231 | D:9      | Noticed Pikel
 13524 | D:9      | Killed Pikel
 13525 | D:9      | Reached skill level 14 in Ranged Weapons
 13836 | D:9      | Reached skill level 5 in Fighting
 13900 | D:9      | Noticed a two-headed ogre
 13913 | D:9      | Killed a two-headed ogre
 14590 | D:9      | Noticed a tengu warrior
 14590 | D:9      | Noticed a deep elf pyromancer
 14778 | D:10     | Entered Level 10 of the Dungeon
 14799 | D:10     | Noticed a white ugly thing
 14801 | D:10     | Found a transporter.
 15013 | D:10     | Found Iwupos's Book Shop.
 15037 | D:10     | Identified the amulet "Feapul" {RegenMP +Blink Will+ Int+4}
 15042 | D:10     | Noticed a fire crab
 15044 | D:10     | Found a transporter.
 15273 | D:10     | Found Kuziw's Book Shoppe.
 15361 | D:10     | Found Tiemnehu's Antique Armour Boutique.
 15785 | D:11     | Noticed a death yak
 16037 | D:11     | Reached XP level 11. HP: 26/92 MP: 14/14
 16620 | D:11     | Noticed a deep elf pyromancer
 16692 | D:11     | Noticed a boulder beetle
 16792 | D:11     | Found a staircase to the Orcish Mines.
 16897 | D:11     | Noticed a death yak
 16956 | D:8      | Killed Maggie
 17613 | D:11     | Killed a boulder beetle
 17614 | D:11     | Reached skill level 10 in Fighting
 17690 | D:11     | Noticed a sun demon
 17699 | D:11     | Noticed a sun demon
 18172 | D:11     | Killed a death yak
 18180 | D:11     | Noticed a death yak
 18310 | D:11     | Killed a death yak
 18374 | D:11     | Killed a death yak
 18552 | D:11     | Found a staircase to the Lair.
 19052 | D:12     | Reached skill level 15 in Ranged Weapons
 19311 | D:12     | Reached XP level 12. HP: 84/106 MP: 15/15
 19409 | D:12     | Found Oticlubu's Magic Scroll Shoppe.
 19419 | D:12     | Noticed Josephine
 19427 | D:12     | Killed Josephine
 19492 | D:12     | Bought a scroll of blinking for 135 gold pieces
 19492 | D:12     | Bought a scroll of fog for 72 gold pieces
 19492 | D:12     | Bought a scroll of identify for 36 gold pieces
 19500 | D:12     | Bought a scroll of identify for 36 gold pieces
 19765 | D:12     | Reached skill level 16 in Ranged Weapons
 19881 | D:12     | Noticed Azrael
 19896 | D:12     | Reached skill level 1 in Armour
 19979 | D:12     | Killed Azrael
 20417 | Lair:1   | Entered Level 1 of the Lair of Beasts
 20559 | Lair:1   | Found a runed translucent door.
 20560 | Lair:1   | Noticed pzskc383's ghost (novice GrFi)
 20701 | Lair:1   | Identified the +2 robe "Gimihiru" {rF+}
 20745 | Lair:1   | Reached skill level 5 in Dodging
 22774 | D:12     | Bought a scroll of amnesia for 72 gold pieces
 22774 | D:12     | Bought a scroll of noise for 18 gold pieces
 22774 | D:12     | Bought a scroll of teleportation for 54 gold pieces
 22885 | D:10     | Bought a runed cloak for 262 gold pieces
 23016 | Lair:2   | Noticed a four-headed hydra
 23029 | Lair:2   | Killed a four-headed hydra
 23829 | Lair:3   | Identified the +1 flail of the Desert {spect, rF+}
 23899 | Lair:3   | Found a staircase to the Snake Pit.
 23932 | Lair:3   | Noticed Mimp's ghost (journeyman FoSh)
 23944 | Lair:3   | Found a transporter.
 23952 | Lair:3   | Found a transporter.
 24040 | Lair:3   | You are sucked into a shaft and drop 1 floor!
 24511 | Lair:3   | Found a staircase to the Shoals.
 24776 | Lair:4   | Found a runed translucent gate.
 24776 | Lair:4   | Found a runed translucent gate.
 24776 | Lair:4   | Found a runed translucent gate.
 24782 | Lair:4   | Noticed ChronoRanger's ghost (journeyman MiFi)
 25077 | Lair:4   | Reached XP level 13. HP: 103/116 MP: 16/16
 25599 | Lair:4   | Noticed a minotaur
 25745 | Lair:5   | Entered Level 5 of the Lair of Beasts
 26250 | Lair:5   | Identified the +6 trident of Ataxt {freeze, Int+2}
 26384 | Lair:5   | Noticed a dire elephant
 26394 | Lair:5   | Killed a dire elephant
 26684 | Lair:5   | Reached skill level 17 in Ranged Weapons
 26970 | Lair:5   | Found a staircase to the Slime Pits.
 27043 | Lair:5   | Found a staircase to the Slime Pits.
 27661 | Lair:1   | Killed pzskc383's ghost
 27883 | Orc:1    | Entered Level 1 of the Orcish Mines
 28711 | Orc:2    | Entered Level 2 of the Orcish Mines
 28728 | Orc:2    | Found a staircase to the Elven Halls.
 30663 | Orc:2    | Found Enipi's Magic Scroll Boutique.
 30772 | Orc:2    | Noticed Erolcha
 30787 | Orc:2    | Killed Erolcha
 30803 | Orc:2    | Reached skill level 18 in Ranged Weapons
 31045 | Orc:2    | Found Zuakhlaz's Magic Scroll Shop.
 31057 | Orc:2    | Found Engadug's Book Shop.
 31068 | Orc:2    | Found Teuso's Antique Weapon Boutique.
 31108 | Orc:2    | Bought a scroll of enchant weapon for 90 gold pieces
 31108 | Orc:2    | Bought a scroll of enchant weapon for 90 gold pieces
 31110 | Orc:2    | Bought a scroll of fog for 48 gold pieces
 31110 | Orc:2    | Bought a scroll of teleportation for 36 gold pieces
 31110 | Orc:2    | Bought a scroll of blinking for 90 gold pieces
 31110 | Orc:2    | Bought a scroll of fear for 48 gold pieces
 31110 | Orc:2    | Bought a scroll of fog for 48 gold pieces
 31110 | Orc:2    | Bought a scroll of fog for 48 gold pieces
 31139 | Orc:2    | Bought a scroll of teleportation for 45 gold pieces
 31139 | Orc:2    | Bought a scroll of teleportation for 45 gold pieces
 31139 | Orc:2    | Bought a scroll of fog for 60 gold pieces
 31139 | Orc:2    | Bought a scroll of fog for 60 gold pieces
 31640 | D:10     | Identified the +1 shortbow "Vaczex" {elec, rElec Int-5
                  | Stlth+}
 31752 | D:10     | Bought an ichor-stained leather armour for 245 gold pieces
 31752 | D:10     | Identified the +0 leather armour "Umnip" {Rampage rElec
                  | rF++ Int-4} (You bought it in a shop on level 10 of the
                  | Dungeon)
 32225 | D:9      | Identified the +5 broad axe of Pazatr Kaoxt {heavy, rC+}
 32253 | D:9      | Reached XP level 14. HP: 126/126 MP: 17/17
 32307 | D:9      | Identified the +1 trident "Demigod's Doom" {antimagic,
                  | Str+2}
 32307 | D:9      | Shot with an arrow by a centaur warrior

Illustrated notes

Levels and vault maps discovered:
D:1:      dpeg_arrival_another_circle, layout_rooms,
          dreamdust_ecumenical_altar_statues, minmay_tromino_i4
D:2:      layout_basic, serial_shops, shop, minmay_split_cup_large
D:3:      layout_loops_cross, grunt_dithmenos_smoke_and_mirrors, uniq_grinder,
          uniq_sigmund, uniq_crazy_yiuf_cottage, uniq_natasha
D:4:      layout_rooms, ashenzari_conservatory_becter,
          mainiacjoe_overflow_tiny_flanked, uniq_menkaure
D:5:      layout_layer_cave, fedhas_ov_isle_minmay, temple_doors_e,
          portal_sewer_entry_b, uniq_blork_the_orc
D:6:      layout_basic, kennysheep_mini, mainiacjoe_overflow_catwalk
D:7:      layout_loops_cross, nicolae_overflow_hidden_temple,
          uniq_prince_ribbit1
D:8:      layout_gridville, lightli_ossuary_entry_decrepit_ruins, serial_shops,
          nicolae_shop_bloodbath_and_beyond, uniq_maggie
D:9:      minmay_the_grid_square_5x5_4x4
          [minmay_the_grid_square_5x5_checkered_sparse,
          minmay_the_grid_square_5x5_spiral,
          minmay_the_grid_square_5x5_pentomino_r,
          minmay_the_grid_square_5x5_shrine2,
          minmay_the_grid_square_5x5_bracketed,
          minmay_the_grid_square_5x5_prize_waves,
          minmay_the_grid_square_5x5_prize_pseudospiral,
          minmay_the_grid_square_5x5_longway,
          minmay_the_grid_square_5x5_trominoes,
          minmay_the_grid_square_5x5_prize_itemx,
          minmay_the_grid_square_5x5_prize_junk,
          minmay_the_grid_square_5x5_inner_v, minmay_the_grid_square_5x5_forky,
          minmay_the_grid_square_5x5_z, minmay_the_grid_square_5x5_bite,
          minmay_the_grid_square_5x5_three_small], layout_cave_pools,
          amcnicky_altar_gilded, serial_bayou, serial_bayou_ford_a,
          serial_bayou_lake_a, serial_bayou_lagoon_a, serial_bayou_shore_a,
          serial_bayou_pond_b, serial_bayou_pond_d, uniq_jeremiah, uniq_pikel
D:10:     gammafunk_sealed_arena, layout_cave_pools, serial_shops, shop, shop,
          nicolae_shop_peninsula, chequers_hall_statues_y,
          kennysheep_cross_bottleneck, hangedman_decor_riveting,
          kennysheep_flooded_box, kennysheep_minor_cross
D:11:     minmay_polygon_palace, layout_loops_cross, dpeg_lair_monsters,
          minmay_orc_entry_guard_dogs
D:12:     nicolae_cairo_tiling_large_dashed, layout_cave_pods, serial_shops,
          shop, drop_trap, uniq_josephine, uniq_azrael
Lair:1:   layout_gridlike, gammafunk_ghost_grave, minmay_stone_trees_small
Lair:2:   layout_roguey
Lair:3:   layout_chaotic_city, elwin_shoals_entry_rooms,
          guppyfry_snake_entry_garden, gammafunk_ghost_wrathful_warriors
Lair:4:   layout_small_grid, maelrawn_ghost_gauntlet_escape
Lair:5:   gammafunk_lair_ancient_temple, layout_long_grid,
          minmay_slime_entry_jelly_boxes, minivault_26,
          kennysheep_basilisk_garden
Orc:1:    layout_caves, nicolae_orc_lava_room
Orc:2:    kennysheep_orc_mage_school, layout_diamond_mine, mines2_david,
          uniq_erolcha

Skill      XL: |  1  2  3  4  5  6  7  8  9 10 11 12 13 |
---------------+----------------------------------------+-----
Ranged Weapons | 4 5 6 8 9 11 13 14 15 16 18 | 18.0
Stealth        | 1 2 3 4 |  4.1
Evocations     | 1 2 3 4 |  4.0
Fighting       | 4 7 10 11 12 | 12.0
Dodging        | 2 3 4 6 7 |  7.2
Armour         | 3 |  3.0

Action                     |  1- 3 |  4- 6 |  7- 9 | 10-12 | 13-15 || total
---------------------------+-------+-------+-------+-------+-------++-------
  Melee: Arbalest          |       |       |       |       |     1 ||     1
   Fire: Shortbow          |   110 |   139 |   661 |       |       ||   910
         Arbalest          |       |       |   118 |   620 |   434 ||  1172
  Evoke: Wand              |       |       |     1 |     3 |       ||     4
    Use: Scroll            |     2 |     2 |     5 |    25 |     4 ||    38
         Potion            |       |     1 |     3 |     4 |     1 ||     9
 Armour: Leather armour    |    23 |    36 |   284 |    11 |       ||   354
         Skin              |       |     2 |       |       |       ||     2
         Acid dragon scale |       |       |       |   172 |    22 ||   194
         Troll leather arm |       |       |       |    32 |       ||    32
         Steam dragon scal |       |       |       |       |    46 ||    46
  Dodge: Dodged            |    28 |    35 |   255 |   257 |   128 ||   703

Table legend: (Time is in decaauts)
 A = Elapsed time spent in this place.
 B = Non-inter-level travel time spent in this place.
 C = Inter-level travel time spent in this place.
 D = Time resting spent in this place.
 E = Time spent auto-exploring this place.
 F = Levels seen in this place.
 G = Mean time per level.
                   A        B        C        D        E       F      G
               +--------+--------+--------+--------+--------+-----+--------+
         Total |  32585 |  29410 |   3175 |   7104 |  16621 |  21 | 1551.7 |
       Dungeon |  20754 |  18669 |   2085 |   3382 |  11317 |  12 | 1729.5 |
          Lair |   7411 |   6563 |    848 |   1695 |   3929 |   5 | 1482.2 |
  Orcish Mines |   3445 |   3204 |    241 |   1927 |    894 |   2 | 1722.5 |
         Sewer |    606 |    606 |      0 |    100 |    318 |   1 |  606.0 |
       Ossuary |    366 |    366 |      0 |      0 |    162 |   1 |  366.0 |
               +--------+--------+--------+--------+--------+-----+--------+

Top non-repeatable levels by time:
     D:9: 3072 daAuts
    D:11: 2816 daAuts
     D:6: 2655 daAuts
   Orc:2: 2556 daAuts
  Lair:2: 2109 daAuts
     D:3: 1945 daAuts
  Lair:5: 1838 daAuts
    D:10: 1799 daAuts
     D:8: 1781 daAuts
    D:12: 1575 daAuts
     D:5: 1492 daAuts
  Lair:4: 1314 daAuts
  Lair:1: 1227 daAuts
     D:2: 1038 daAuts
     D:4: 996 daAuts
